 Dungeon Crawl Stone Soup version 0.21.1-1-g345015fe64 (webtiles) character file.

41914 Jannitor the Fighter (level 14, -42/132 HPs)
             Began as a Hill Orc Enchanter on June 11, 2018.
             Was a High Priest of Beogh.
             Annihilated by a tyrant leech (77 damage)
             ... on level 6 of the Lair of Beasts.
             The game lasted 00:39:59 (23186 turns).

Jannitor the Fighter (Hill Orc Enchanter)          Turns: 23186, Time: 00:40:00

Health: -42/132    AC: 17    Str: 28    XL:     14   Next: 17%
Magic:  22/22      EV:  8    Int: 17    God:    Beogh [*****.]
Gold:   1147       SH:  0    Dex: 21    Spells: 15/16 levels left

rFire    + . .     SeeInvis +   M - +7 eveningstar
rCold    + + .     Gourm    +   y - +0 large shield of Mirth {rCorr Dex+7}
rNeg     . . .     Faith    .   a - +3 scale mail of Bad Feelings {rCorr Str+5 Int+2}
rPois    .         Spirit   .   l - +1 helmet
rElec    .         Reflect  .   c - scarf {rC+ rF+}
rCorr    +         Harm     .   v - +0 pair of gloves
MR       ++...                  q - +0 pair of boots
Stlth    +.........             j - amulet of the gourmand
HPRegen  0.32/turn              R - +3 ring of dexterity
MPRegen  0.18/turn              T - ring of protection from magic

@: mighty, about to teleport, sleeping
A: walk on water, see invisible, cold resistance 1, strong 1
a: Smiting, Recall Orcish Followers, Give Item to Named Follower, Renounce
Religion


You were on level 6 of the Lair of Beasts.
You worshipped Beogh.
Beogh was extremely pleased with you.
You were full.

You visited 2 branches of the dungeon, and saw 17 of its levels.
You also visited: Labyrinth.

You collected 1147 gold pieces.

Inventory:

Hand Weapons
 n - a +2 trident of venom
 M - a +7 eveningstar (weapon)
 W - a +0 broad axe
Armour
 a - the +3 scale mail of Bad Feelings (worn) {rCorr Str+5 Int+2}
   (You found it on level 1 of the Lair of Beasts)

   It affects your strength (+5).
   It affects your intelligence (+2).
   It protects you from acid and corrosion.
 c - a scarf of resistance (worn)
 l - a +1 helmet (worn)
 q - a +0 pair of boots (worn)
 v - a +0 pair of gloves (worn)
 y - the +0 large shield of Mirth (worn) {rCorr Dex+7}
   (You found it on level 4 of the Dungeon)

   It affects your dexterity (+7).
   It protects you from acid and corrosion.
 J - a +2 chain mail of magic resistance
 X - a +2 cloak
Jewellery
 b - a +4 ring of dexterity
 j - an amulet of the gourmand (around neck)
 t - an uncursed ring of protection from cold
 x - an uncursed ring of see invisible {unknown}
 L - an uncursed ring of protection from fire
 R - a +3 ring of dexterity (left hand)
 T - a ring of protection from magic (right hand)
 Z - a cursed -3 ring of dexterity
Wands
 e - a wand of disintegration (11)
 B - a wand of random effects (30)
 E - a wand of iceblast (15)
 Q - a wand of flame (62)
 S - a wand of digging (13)
Scrolls
 h - 6 scrolls of identify
 i - 8 scrolls of remove curse
 o - a scroll of blinking
 u - a scroll of magic mapping
 w - 2 scrolls of teleportation
 C - a scroll of torment
 D - 3 scrolls of amnesia
 P - a scroll of enchant armour
 U - a scroll of fog
Potions
 g - 5 potions of brilliance
 m - 3 potions of mutation
 p - 2 potions of magic
 r - a potion of resistance
 F - a potion of cancellation
 G - 2 potions of flight
 K - 4 potions of curing
Miscellaneous
 k - a phial of floods (inert)
Comestibles
 d - 28 rations


   Skills:
 + Level 14.2 Fighting
   Level 1.0 Short Blades
 * Level 11.8 Maces & Flails
 - Level 10.1 Polearms
 - Level 10.7 Armour
 - Level 1.5 Dodging
 - Level 2.4 Stealth
 - Level 9.3 Shields
 - Level 1.5 Spellcasting
 - Level 3.0 Hexes
 + Level 10.7 Invocations


You had 15 spell levels left.
You knew the following spells:

 Your Spells              Type           Power        Failure   Level  Hunger
a - Corona                Hex            ##.....      65%         1    ##.....


Dungeon Overview and Level Annotations

Branches:
Dungeon (11/15)            Temple (0/1) D:7            Lair (6/6) D:8
  Swamp (0/4) Lair:4        Snake (0/4) Lair:3        Slime (0/5) Lair:5
    Orc (0/2) D:11

Altars:
Dithmenos
Fedhas
Kikubaaqudgha
Nemelex Xobeh
Ru
Uskayaw
The Shining One

Shops:
D:8 (

Annotations:
D:3 terminal's ghost, amateur HOFi
D:5 1 runed door
D:6 exclusion: soldier ant
D:7 1 runed door
Lair:1 Gastronok
Lair:3 Sonja
Lair:5 exclusion: 2 oklob plants


Innate Abilities, Weirdness & Mutations

You can walk on water.
You have supernaturally acute eyesight. (SInv)
Your flesh is cold resistant. (rC+)
Your muscles are strong. (Str +2)


Message History

Unknown command.
Unknown command.
As you read the scroll of teleportation, it crumbles to dust.
You feel strangely unstable.
The spiny frog gives a loud, deep croak!
The dream sheep bleats!
You hear a bleat!
You block the spiny frog's attack.
You hear an angry buzzing noise.
Unknown command.
Okay, then.
Unknown command.
You feel better. The tyrant leech bites you!
* * * LOW HITPOINT WARNING * * *
The tyrant leech draws strength from your injuries!
The dream sheep shake their wool and sparkle.
You feel drowsy...
You fall asleep.
The spiny frog barely misses you. The spiny frog closely misses you.
The tyrant leech bites you!!!!
Ouch! That really hurt!
You die...

### #≈≈### #..≈≈.##### #≈
≈≈≈≈≈≈≈ #.≈≈≈≈≈≈#≈##≈≈P
.≈≈≈≈≈≈ ..≈≈≈≈≈≈≈≈.≈≈$$
≈.≈≈≈≈≈ ..≈≈≈≈wF≈≈≈≈≈%$
≈≈≈≈.≈≈ ..≈≈≈≈≈@≈≈.≈≈P) .≈≈≈≈
.≈≈P≈≈≈;≈≈≈.≈≈≈ P≈≈
.≈≈≈Fl≈≈≈≈≈≈..≈≈##### #≈
.≈P≈≈≈≈≈≈P≈≈≈≈≈≈≈≈≈.≈###
.......≈≈P≈≈≈≈≈≈≈≈≈≈#≈≈≈≈≈≈≈.w
........Y≈≈≈≈≈≈≈≈####≈≈≈≈≈≈≈≈Y
.......Y≈Y≈≈≈≈≈≈≈≈ #≈≈≈≈≈≈≈≈
....l..≈.≈≈≈≈≈≈≈≈≈≈ ##≈≈≈≈≈≈≈
......P.≈F ≈≈≈≈≈≈≈≈.


You could see a tyrant leech, a komodo dragon, 2 spiny frogs, 3 dream sheep and
an electric eel.

Vanquished Creatures
  A minotaur (Lab)
  2 hydras
  4 death yaks (Lair:6)
  2 two-headed ogres
  Urug (D:11)
  An unseen horror (D:11)
  Pikel (D:6)
  10 elephants
  2 black mambas
  A rime drake (Lair:5)
  14 spiny frogs
  A kobold demonologist (D:10)
  6 komodo dragons
  A queen bee (Lair:5)
  Grinder (D:3)
  A hornet (D:8)
  9 blink frogs
  6 hippogriffs
  A slime creature (Lair:5)
  Sigmund (D:6)
  A shadow (D:11)
  32 yaks
  Eustachio (D:6)
  A hungry ghost (D:7)
  4 vampire mosquitoes (D:11)
  Menkaure (D:6)
  2 nagas (Lair:3)
  A warg (D:11)
  An acid dragon (D:11)
  12 water moccasins
  11 porcupines
  5 sky beasts
  4 ice beasts
  2 phantoms
  6 orc warriors
  A slave (D:7)
  5 ogres
  12 crocodiles
  5 wolves
  A centaur (D:5)
  2 big kobolds (D:11)
  Blork the orc (D:6)
  18 bullfrogs
  2 scorpions
  26 killer bees
  3 wights (D:11)
  2 howler monkeys
  4 crimson imps
  5 bullfrog zombies
  2 quasits (D:8)
  2 centaur zombies
  2 orc priests
  4 jellies
  2 bullfrog skeletons
  2 hounds
  3 centaur skeletons
  Terence (D:2)
  Natasha (D:2)
  4 iguanas
  12 orc wizards
  11 worker ants
  A hell rat (Lair:5)
  A hound skeleton (D:6)
  Robin (D:3)
  4 gnolls
  9 adders
  2 oozes
  An adder skeleton (D:7)
  An adder zombie (D:8)
  2 dart slugs
  6 leopard geckos
  35 orcs
  A ball python (D:1)
  10 giant cockroaches
  10 goblins
  17 hobgoblins
  7 jackals
  3 quokkas
  3 bats (D:1)
  2 frilled lizards
  15 kobolds
  A quokka skeleton (D:4)
  11 rats
  A butterfly (D:5)
427 creatures vanquished.

Vanquished Creatures (collateral kills)
  A hydra (Lair:5)
  A catoblepas (Lair:6)
  4 elephants
  2 manticores (Lair:5)
  A rime drake (Lair:5)
  2 spiny frogs
  3 meliai (Lair:5)
  3 blink frogs (Lair:6)
  A hippogriff (Lair:5)
  4 vampire mosquitoes (Lair:6)
  4 crocodiles
  2 bullfrogs
  15 killer bees (Lair:5)
43 creatures vanquished.

Vanquished Creatures (others)
  2 orc knights
  A human (D:2)
  Natasha (D:2)
  31 fungi
  57 plants
92 creatures vanquished.

Grand Total: 562 creatures vanquished

Notes
Turn   | Place    | Note
-------+----------+-------------------------------------------
     0 | D:1      | Jannitor the Hill Orc Enchanter began the quest for the Orb.
     0 | D:1      | Reached XP level 1. HP: 14/14 MP: 3/3
    20 | D:1      | Reached skill level 1 in Fighting
    26 | D:1      | Reached skill level 1 in Armour
   276 | D:1      | Reached XP level 2. HP: 23/23 MP: 4/4
  1420 | D:1      | Reached skill level 2 in Fighting
  1429 | D:1      | Reached XP level 3. HP: 27/29 MP: 5/5
  2336 | D:2      | Noticed Terence
  2337 | D:2      | Noticed Natasha
  2345 | D:2      | Killed Terence
  2345 | D:2      | Reached skill level 3 in Fighting
  2345 | D:2      | Reached XP level 4. HP: 34/38 MP: 6/6
  2365 | D:2      | Killed Natasha
  2921 | D:2      | Found an ancient bone altar of Kikubaaqudgha.
  2932 | D:2      | Noticed a human
  2934 | D:2      | Killed a human
  2965 | D:2      | Noticed a hand axe
  2966 | D:2      | Noticed a dagger
  2979 | D:2      | Noticed Natasha
  2985 | D:2      | Killed Natasha
  2985 | D:2      | Reached XP level 5. HP: 45/46 MP: 7/7
  3158 | D:2      | Found a hide-covered altar of Uskayaw.
  3438 | D:3      | Noticed Grinder
  3484 | D:3      | Noticed terminal's ghost (amateur HOFi)
  3828 | D:3      | Paralysed by Grinder for 2 turns
  3833 | D:3      | Paralysed by Grinder for 4 turns
  3850 | D:3      | Killed Grinder
  3850 | D:3      | Reached skill level 4 in Fighting
  3850 | D:3      | Reached XP level 6. HP: 37/53 MP: 8/8
  4490 | D:3      | Noticed Robin
  4491 | D:3      | Killed Robin
  4495 | D:3      | Reached skill level 5 in Fighting
  4974 | D:3      | Reached XP level 7. HP: 61/61 MP: 9/9
  5290 | D:4      | Reached skill level 5 in Armour
  5375 | D:4      | Got a slimy large shield
  5380 | D:4      | Identified the cursed +0 large shield of Mirth {rCorr Dex+7} (You found it on level 4 of the Dungeon)
  5490 | D:5      | Entered Level 5 of the Dungeon
  5656 | D:5      | Reached skill level 1 in Shields
  5757 | D:5      | Reached skill level 6 in Fighting
  5757 | D:5      | Reached XP level 8. HP: 35/70 MP: 10/10
  6680 | D:5      | Found a runed door.
  6685 | D:5      | Found a runed door.
  6932 | D:5      | Reached skill level 5 in Polearms
  6998 | D:5      | Reached skill level 7 in Fighting
  7498 | D:6      | Noticed Sigmund
  7498 | D:6      | Noticed Menkaure
  7577 | D:6      | Killed Menkaure
  7862 | D:6      | Reached XP level 9. HP: 75/79 MP: 11/11
  7918 | D:6      | Noticed Blork the orc
  7926 | D:6      | Killed Blork the orc
  8016 | D:6      | Noticed Eustachio
  8033 | D:6      | Killed Eustachio
  8150 | D:6      | Found a blossoming altar of Fedhas.
  8156 | D:6      | Found an ancient bone altar of Kikubaaqudgha.
  8285 | D:6      | Killed Sigmund
  8333 | D:7      | Reached skill level 8 in Fighting
  8333 | D:7      | Reached skill level 5 in Shields
  8539 | D:7      | Found a staircase to the Ecumenical Temple.
  8556 | D:7      | Found a sacrificial altar of Ru.
  8761 | D:7      | Noticed Pikel
  8831 | D:6      | Killed Pikel
  9079 | D:7      | Reached XP level 10. HP: 67/90 MP: 12/12
  9206 | D:7      | Found a glowing golden altar of the Shining One.
  9276 | D:7      | Found a runed door.
  9650 | D:8      | Found a staircase to the Lair.
  9741 | D:8      | Reached skill level 9 in Fighting
 10285 | D:8      | Paralysed by a hornet for 3 turns
 10474 | D:8      | Became a worshipper of Beogh the Brigand
 10732 | D:8      | Found Ulosenk's Weapon Shoppe.
 10767 | D:8      | Found a shadowy altar of Dithmenos.
 11942 | D:9      | Reached * piety under Beogh
 12410 | D:9      | Found a sparkling altar of Nemelex Xobeh.
 12611 | D:9      | Noticed a two-headed ogre
 12627 | D:9      | Killed a two-headed ogre
 12627 | D:9      | Reached skill level 10 in Fighting
 12824 | D:10     | Entered Level 10 of the Dungeon
 12850 | D:10     | Reached XP level 11. HP: 81/100 MP: 13/13
 13040 | D:10     | Noticed a two-headed ogre
 13053 | D:10     | Killed a two-headed ogre
 13276 | D:10     | Noticed a deep elf knight
 13281 | D:10     | Noticed a cyclops
 13402 | D:10     | Reached skill level 10 in Armour
 13478 | D:10     | Reached ** piety under Beogh
 13972 | D:11     | Gained mutation: You are frail. (-10% HP) [potion of mutation]
 13972 | D:11     | Gained mutation: You have sharp toenails. [potion of mutation]
 13972 | D:11     | Gained mutation: You have supernaturally acute eyesight. (SInv) [potion of mutation]
 13973 | D:11     | Lost mutation: You are frail. (-10% HP) [potion of mutation]
 13973 | D:11     | Lost mutation: You have sharp toenails. [potion of mutation]
 13973 | D:11     | Gained mutation: Your muscles are strong. (Str +2) [potion of mutation]
 13973 | D:11     | Gained mutation: Your flesh is cold resistant. (rC+) [potion of mutation]
 13988 | D:11     | Noticed an unseen horror
 13995 | D:11     | Killed an unseen horror
 13995 | D:11     | Reached skill level 11 in Fighting
 14031 | D:11     | Found a labyrinth entrance.
 14060 | Lab      | Entered a labyrinth
 14394 | Lab      | Noticed a minotaur
 14408 | Lab      | Killed a minotaur
 14408 | Lab      | Reached skill level 1 in Invocations
 14852 | D:11     | Found a staircase to the Orcish Mines.
 15176 | D:11     | Reached skill level 10 in Polearms
 15224 | D:11     | Noticed Urug
 15253 | D:11     | Killed Urug
 15253 | D:11     | Reached XP level 12. HP: 34/110 MP: 14/14
 15900 | D:11     | Reached skill level 1 in Maces & Flails
 16162 | Lair:1   | Entered Level 1 of the Lair of Beasts
 16244 | Lair:1   | Noticed Gastronok
 16600 | Lair:1   | Reached *** piety under Beogh
 16706 | Lair:1   | Got a transparent scale mail
 16895 | Lair:1   | Reached skill level 5 in Invocations
 17096 | Lair:1   | Reached skill level 12 in Fighting
 17416 | Lair:2   | Identified the +3 scale mail of Bad Feelings {rCorr Str+5 Int+2} (You found it on level 1 of the Lair of Beasts)
 17590 | Lair:2   | Reached skill level 5 in Maces & Flails
 18789 | Lair:3   | Found a staircase to the Snake Pit.
 19206 | Lair:3   | Noticed Sonja
 19263 | Lair:4   | Found a staircase to the Swamp.
 19888 | Lair:4   | Reached XP level 13. HP: 119/119 MP: 18/18
 19905 | Lair:4   | Reached **** piety under Beogh
 20221 | Lair:5   | Identified a scroll of acquirement
 20274 | Lair:5   | Reached skill level 13 in Fighting
 20296 | Lair:5   | Found a staircase to the Slime Pits.
 21485 | Lair:5   | Reached skill level 10 in Maces & Flails
 21515 | Lair:5   | Reached ***** piety under Beogh
 21555 | Lair:5   | Gained Orbeogh as an ally
 22195 | Lair:5   | Your ally Orbeogh died
 22781 | Lair:6   | Entered Level 6 of the Lair of Beasts
 22816 | Lair:6   | Reached skill level 10 in Invocations
 23053 | Lair:6   | Reached XP level 14. HP: 99/130 MP: 17/21
 23060 | Lair:6   | Reached skill level 14 in Fighting
 23128 | Lair:6   | Gained Norbak as an ally
 23170 | Lair:6   | Your ally Norbak died
 23186 | Lair:6   | Annihilated by a tyrant leech

Skill      XL: |  1  2  3  4  5  6  7  8  9 10 11 12 13 14 |
---------------+-------------------------------------------+-----
Fighting       | 1 2 3 4 5 6 7 8 10 11 12 13 14 | 14.2
Armour         | 1 2 3 4 5 6 8 9 10 | 10.7
Polearms       | 2 3 4 5 7 8 10 | 10.1
Shields        | 2 4 6 7 9 |  9.3
Invocations    | 3 7 10 | 10.7
Maces & Flails | 7 11 | 11.8
Short Blades   | |  1.0
Dodging        | |  1.5
Stealth        | |  2.4
Spellcasting   | |  1.5
Hexes          | |  3.0

Action                   |  1- 3 |  4- 6 |  7- 9 | 10-12 | 13-15 || total
-------------------------+-------+-------+-------+-------+-------++-------
Melee: Dagger            |   185 |       |       |       |       ||   185
       Trident           |     4 |   171 |   371 |   607 |       ||  1153
       Eveningstar       |       |       |       |   352 |   331 ||   683
Invok: Convert to Beogh  |       |       |       |     1 |       ||     1
       Recall Orcish Fol |       |       |       |       |     5 ||     5
       Smiting           |       |       |       |       |     1 ||     1
       Give Item to Name |       |       |       |       |     1 ||     1
Evoke: Wand              |       |       |       |     3 |     4 ||     7
       Phial of floods   |       |       |       |       |     1 ||     1
  Use: Potion            |       |     8 |     1 |     7 |     7 ||    23
       Scroll            |       |     2 |    11 |    19 |    11 ||    43
 Stab: Sleeping          |     2 |     1 |    11 |     2 |     1 ||    17
       Distracted        |       |       |       |       |     2 ||     2
  Eat: Chunk             |     7 |    15 |    10 |    25 |     9 ||    66
       Ration            |       |       |       |     6 |       ||     6
Armor: Robe              |    33 |       |       |       |       ||    33
       Ring mail         |     3 |    80 |   107 |   103 |       ||   293
       Chain mail        |       |       |       |   137 |       ||   137
       Scale mail        |       |       |       |    71 |   195 ||   266
Dodge: Dodged            |   112 |    94 |    85 |   177 |   103 ||   571
Block: Large shield      |       |       |   154 |   765 |   400 ||  1319
